 Dungeon Crawl Stone Soup version 0.26.1-11-gd32895ea62 (webtiles) character file.

Game seed: 13628180661302067272

282 porpoise the Skirmisher (level 6, 0/67 HPs)
             Began as a Halfling Wanderer on July 31, 2021.
             Killed by divine providence
             ... invoked by an orc priest
              (14 damage)
             ... on level 4 of the Dungeon.
             The game lasted 00:15:17 (4228 turns).

porpoise the Skirmisher (Halfling Wanderer)         Turns: 4228, Time: 00:15:19

Health: 0/67       AC: 23    Str: 13    XL:     6   Next: 54%
Magic:  6/6        EV:  3    Int:  9    God:
Gold:   321        SH:  0    Dex: 17    Spells: 5/5 levels left

rFire    . . .     SeeInvis .   b - +0 hunting sling
rCold    . . .     Faith    .   (shield restricted)
rNeg     + + +     Spirit   .   (armour currently unavailable)
rPois    +         Reflect  .   (helmet currently unavailable)
rElec    .         Harm     .   (cloak currently unavailable)
rCorr    .         Rampage  .   (gloves currently unavailable)
Will     .....     NoTele   +   (boots currently unavailable)
Stlth    ++........             (no amulet)
HPRegen  0.21/turn              (no ring)
MPRegen  0.10/turn              (no ring)

@: tree-form
A: small, mutation resistance 1
a: no special abilities


You were on level 4 of the Dungeon.
You were a tree.
You visited 1 branch of the dungeon, and saw 5 of its levels.

You collected 321 gold pieces.

Inventory:

Hand Weapons
 a - a +3 mace
 b - a +0 hunting sling (weapon)
 w - a +0 dagger
Missiles
 e - 77 stones (quivered ammo)
 m - 70 sling bullets
 A - a throwing net
 B - 6 boomerangs
 C - 32 poisoned darts
Armour
 k - a +2 ring mail of poison resistance (melded)
 y - a +0 pair of gloves (melded)
Wands
 d - a wand of paralysis (9)
Scrolls
 f - 5 scrolls of remove curse
 g - a scroll of enchant armour
 j - a scroll of noise {unknown}
 p - a scroll of teleportation
 r - a scroll of enchant weapon {unknown}
 u - 2 scrolls of fog
 v - a scroll of amnesia {unknown}
 x - a scroll of immolation {unknown}
Potions
 c - 2 potions of curing
 h - 2 potions of flight
 i - 2 potions of attraction
 n - a potion of lignification
 o - a potion of heal wounds {unknown}
 q - 2 potions of mutation
 s - 4 potions of degeneration
 t - a potion of ambrosia {unknown}
 z - 2 potions of cancellation


   Skills:
 + Level 5.6 Fighting
 - Level 1.0(1.6) Axes
 - Level 1.7(1.9) Polearms
 - Level 3.2 Armour
 - Level 1.1 Dodging
 - Level 2.0 Evocations


You had 5 spell levels left.
You didn't know any spells.
Your spell library was empty.

Dungeon Overview and Level Annotations

Branches:
Dungeon (5/15)
 Temple: D:4-7

Altars:
Cheibriados
Gozag
Ru
Trog
Xom
Yredelemnul
Zin

Shops:
D:2 *

Annotations:
D:4 Edmund
D:5 Sigmund


Innate Abilities, Weirdness & Mutations

You are small and have problems with some larger weapons.
You are somewhat resistant to further mutation.


Message History

A puff of frost appears from out of thin air!
The puff of frost hits you.
The orc priest mumbles some strange prayers to Beogh against you.
Beogh smites you!
* * * LOW HITPOINT WARNING * * *
You are too injured to fight recklessly!
You are too injured to fight recklessly!
Unknown command.
Okay, then.
Really quaff the potion of lignification? [Y]es or [N]o only, please.
Really quaff the potion of lignification?
You turn into a tree.
Your +0 pair of gloves melds into your body.
Your +2 ring mail of poison resistance melds into your body.
You no longer feel resistant to poison.
Your roots penetrate the ground.
Something hits you but does no damage.
The orc priest calls down the wrath of Beogh upon you.
Beogh smites you!
You die...

########.#.#.# #.#.# .#
#.#.#.# #.#.# .# #.#.#.#
#§#§# .# #.#.#.#
####§#§### ## #.#...#
#..§§§...#
#.#######.####.#.#
########.......#.#....#.#
............<#.#.#.##.#.#
....########## #♣#......#
........>... #{########
.†......### #oo.(((>.
###..##.# ######### #
#..# # # #..# # #..# #
#..# #..#


You could see an orc priest and an orc.

Vanquished Creatures
  A bullfrog (D:3)
  A howler monkey (D:4)
  A bullfrog skeleton (D:4)
  A worker ant (D:4)
  4 adders
  An ooze (D:3)
  A worm (D:2)
  3 dart slugs
  3 leopard geckos
  6 orcs
  4 giant cockroaches
  8 goblins
  8 hobgoblins
  13 kobolds
  3 quokkas
  6 bats
  6 frilled lizards
  8 rats
78 creatures vanquished.

Notes
Turn   | Place    | Note
-------+----------+-------------------------------------------
     0 | D:1      | porpoise the Halfling Wanderer began the quest for the Orb.
     0 | D:1      | porpoise set off with the following items: a +0 dagger, a
                  | +0 ring mail, a potion of curing, a wand of paralysis (15)
     0 | D:1      | Reached XP level 1. HP: 13/13 MP: 1/1
   291 | D:1      | Reached XP level 2. HP: 18/19 MP: 2/2
   309 | D:1      | Reached skill level 2 in Fighting
   774 | D:1      | You fall into a shaft and drop 1 floor!
   925 | D:1      | Reached XP level 3. HP: 25/25 MP: 3/3
  1729 | D:2      | Reached skill level 3 in Fighting
  2104 | D:2      | Reached XP level 4. HP: 31/31 MP: 4/4
  2121 | D:2      | Found a bloodstained altar of Trog.
  2426 | D:2      | Found Gozag's Platinum Reserve.
  2433 | D:2      | Found an opulent altar of Gozag.
  2703 | D:2      | Found a sacrificial altar of Ru.
  2758 | D:3      | Noticed a bullfrog
  2764 | D:3      | Killed a bullfrog
  2765 | D:3      | Reached skill level 4 in Fighting
  2765 | D:3      | Reached XP level 5. HP: 38/38 MP: 5/5
  3036 | D:3      | Found a basalt altar of Yredelemnul.
  3241 | D:3      | You fall into a shaft and drop 2 floors!
  3241 | D:5      | Entered Level 5 of the Dungeon
  3241 | D:5      | Noticed Sigmund
  3450 | D:4      | Noticed Edmund
  3494 | D:4      | Reached skill level 5 in Fighting
  3494 | D:4      | Reached XP level 6. HP: 29/45 MP: 6/6
  3621 | D:4      | Found a glowing silver altar of Zin.
  3622 | D:4      | Found a shimmering altar of Xom.
  3622 | D:4      | Noticed an angel
  3827 | D:3      | Found a snail-covered altar of Cheibriados.
  4228 | D:4      | Killed from afar by an orc priest

Illustrated notes

Levels and vault maps discovered:
D:1:      erik_arrival_cave_to_civilisation [erik_arrival_cave_to_hall],
          layout_loops_ring, minmay_fountain_box, minmay_tetromino_o4
D:2:      layout_basic, lightli_temple_of_fire, nicolae_gozag_zags_fifth_avenue,
          nicolae_ru_path_of_blood
D:3:      layout_basic, lemuel_round_altar, kennysheep_slug_shrine
D:4:      minmay_spotlight, layout_basic,
          grunt_temple_overflow_order_and_chaos_1, uniq_edmund, uniq_eustachio
D:5:      layout_basic, hangedman_abyss_or_decor_jellyfish_corner,
          grunt_decor_one_mirror, uniq_sigmund

Skill      XL: |  1  2  3  4  5 |
---------------+----------------+-----
Fighting       | 2 3 4 5 |  5.6
Axes           | |  1.0
Polearms       | |  1.7
Armour         | |  3.2
Dodging        | |  1.1
Evocations     | |  2.0

Action                   |  1- 3 |  4- 6 || total
-------------------------+-------+-------++-------
Melee: Dagger            |    70 |    15 ||    85
       Mace              |    32 |       ||    32
       Short sword       |    50 |    53 ||   103
 Fire: Hunting sling     |     3 |   125 ||   128
Evoke: Wand              |     1 |     5 ||     6
  Use: Scroll            |       |    10 ||    10
       Potion            |       |     1 ||     1
 Stab: Paralysed         |     3 |    13 ||    16
Armor: Ring mail         |    37 |    29 ||    66
       Skin              |       |     1 ||     1
Dodge: Dodged            |    92 |    55 ||   147
